 Dungeon Crawl Stone Soup version 0.29-a0-323-g050149af67 (webtiles) character file.

Game seed: 7749322758304346287

375 Jortsu the Ruffian (level 6, -6/57 HPs)
             Began as a Troll Hunter on Apr 11, 2022.
             Was an Initiate of Yredelemnul.
             Killed from afar by an orc wizard (10 damage)
             ... with a magic dart
             ... on level 4 of the Dungeon.
             The game lasted 00:05:32 (2261 turns).

Jortsu the Ruffian (Troll Hunter)                   Turns: 2261, Time: 00:05:33

Health: -6/57      AC:  4    Str: 20    XL:     6   Next: 44%
Magic:  5/5        EV: 11    Int:  5    God:    Yredelemnul [......]
Gold:   192        SH:  0    Dex: 21    Spells: 5/5 levels left

rFire   . . .      SeeInvis +   p - +0 giant spiked club
rCold   . . .      Faith    .   (shield currently unavailable)
rNeg    . . .      Spirit   .   b - +0 robe
rPois   .          Reflect  .   (helmet restricted)
rElec   .          Harm     .   (no cloak)
rCorr   .          Rampage  .   (gloves unavailable)
Will    .....                   (boots unavailable)
Stlth   +.........              (no amulet)
HPRegen 0.99/turn               n - ring of see invisible
MPRegen 0.09/turn               o - +6 ring of dexterity

@: confused
A: large, unfitting armour, claws 3, regeneration 1, shaggy fur 1, tough skin 1
a: Renounce Religion, Recall Undead Harvest


You were on level 4 of the Dungeon.
You worshipped Yredelemnul.
Yredelemnul was noncommittal.
You visited 1 branch of the dungeon, and saw 4 of its levels.

You collected 192 gold pieces.

Inventory:

Hand Weapons
 a - a +2 hunting sling
 p - a +0 giant spiked club (weapon)
Armour
 b - a +0 robe (worn)
Jewellery
 n - a ring of see invisible (left claw)
 o - a +6 ring of dexterity (right claw)
Scrolls
 c - a scroll of immolation
 f - a scroll of summoning
 h - a scroll of blinking
 j - a scroll of fog
 k - a scroll of teleportation
Potions
 d - a potion of flight
 e - 2 potions of brilliance
 g - 5 potions of curing
 i - a potion of berserk rage {unknown}
 l - a potion of mutation
 m - a potion of lignification


   Skills:
 + Level 2.2 Fighting
 + Level 0.2 Maces & Flails
 + Level 3.4 Slings
 + Level 2.7 Dodging
 + Level 1.1 Stealth
 + Level 4.1 Unarmed Combat


You had 5 spell levels left.
You didn't know any spells.
Your spell library contained the following spells:

 Spells                   Type           Power      Damage    Failure   Level
 Magic Dart               Conj           0%         1d3       47%         1
 Corpse Rot               Necr/Air       0%         N/A       63%         2
 Searing Ray              Conj           0%         2d4       63%         2
 Conjure Flame            Conj/Fire      0%         6-21      85%         3
 Ignite Poison            Fire/Tmut/Pois 0%         N/A       85%         3
 Mephitic Cloud           Conj/Pois/Air  0%         N/A       85%         3
 Dispel Undead            Necr           0%         3d6       99%         4
 Fulminant Prism          Conj/Hex       0%         3d6       99%         4
 Sticky Flame             Conj/Fire      0%         2d3       99%         4
 Freezing Cloud           Conj/Ice/Air   0%         6-21      100%        5
 Death Channel            Necr           Unusable   N/A       N/A         6

Dungeon Overview and Level Annotations

Branches:
Dungeon (4/15)
 Temple: D:4-7

Altars:
Ashenzari
Sif Muna
Yredelemnul


Innate Abilities, Weirdness & Mutations

You are too large for most types of armour.
You have claws for hands.
Your natural rate of healing is unusually fast.
You are covered in fur. (AC +1)
You have tough skin. (AC +1)


Message History

You are confused.
The orc priest hits you with a +0 whip.
* * * LOW HITPOINT WARNING * * *
The orc closely misses you.
You're too confused to move!
The orc wizard points at you and mumbles some strange words.
The puff of flame misses you.
The puff of flame hits the orc!
The orc dies!
The orc wizard points at you and mumbles some strange words.
You resist with some effort. The orc priest barely misses you.
The orc wizard barely misses you.
You barely miss the orc priest.
The orc priest is moderately wounded.
The orc wizard gestures at you while chanting.
You resist with some effort.
The orc wizard hits you with a +0 dagger.
* * * LOW HITPOINT WARNING * * *
The orc priest hits you but does no damage.
The orc wizard hits you but does no damage.
The orc priest closely misses you.
The orc wizard hits you but does no damage. x2
You closely miss the orc wizard.
The orc wizard is lightly wounded.
The orc wizard hits you but does no damage.
The orc wizard points at you and mumbles some strange words.
The magic dart hits you!
* * * LOW HITPOINT WARNING * * *
The orc wizard hits you but does no damage.
The orc priest hits you with a +0 whip.
* * * LOW HITPOINT WARNING * * *
The orc priest attacks as you move away!
The orc priest barely misses you.
You feel less confused. The orc wizard casts a spell at you.
You are confused.
You barely miss the orc wizard. The orc wizard casts a spell at you.
The magic dart hits you!
You die...
Your body rises from the dead as a mindless zombie.

##......## ###..##
##....## #...# #
#...## ##..## # #
#...# ##.)#######
## ##...##
##...##... .##
##.....##
#........ #.###
##.......##
###....##
##..####...###...#
###### #...##...##
##.@### ##......##
##ooo# ##.....#
##o..# #....##
##...# #....##
#...# ##.....##
#...# ###...>...#
#...# #....###...#
#... .(..## ##..
#..


You could see an orc priest and 3 orc wizards.

Vanquished Creatures
  An ogre (D:4)
  A phantom (D:4)
  A hound (D:4)
  Jessica (D:2)
  Robin (D:2)
  4 gnolls (D:2)
  4 adders
  A worm (D:2)
  A dart slug (D:1)
  6 orcs
  3 ball pythons
  2 endoplasms (D:1)
  A giant cockroach (D:1)
  9 goblins
  5 hobgoblins
  3 quokkas
  7 bats
  2 frilled lizards
  7 kobolds
  8 rats
68 creatures vanquished.

Vanquished Creatures (collateral kills)
  4 goblins
  A ball python (D:1)
  A goblin zombie (D:2)
  A rat (D:2)
7 creatures vanquished.

Vanquished Creatures (others)
  An orc (D:4)
  A bat zombie (D:2)
  A gnoll zombie (D:2)
  A frilled lizard zombie (D:2)
  5 goblin zombies (D:2)
  A hobgoblin zombie (D:2)
  A kobold zombie (D:2)
  An orc zombie (D:2)
12 creatures vanquished.

Grand Total: 87 creatures vanquished

Notes
Turn   | Place    | Note
-------+----------+-------------------------------------------
     0 | D:1      | Jortsu the Troll Hunter began the quest for the Orb.
     0 | D:1      | Reached XP level 1. HP: 19/19 MP: 0/0
   324 | D:1      | Reached XP level 2. HP: 27/27 MP: 1/1
   699 | D:1      | Found a faded altar of an unknown god.
   716 | D:1      | Prayed at the altar of an unknown god.
   716 | D:1      | Became a worshipper of Yredelemnul the Dark
   716 | D:1      | Reached * piety under Yredelemnul
   803 | D:2      | Noticed Jessica
   811 | D:2      | Killed Jessica
   812 | D:2      | Reached skill level 1 in Unarmed Combat
   812 | D:2      | Reached XP level 3. HP: 30/35 MP: 2/2
   959 | D:2      | Reached XP level 4. HP: 21/42 MP: 3/3
   987 | D:2      | Reached skill level 2 in Unarmed Combat
  1136 | D:2      | Noticed Robin
  1174 | D:2      | Killed Robin
  1350 | D:2      | Reached XP level 5. HP: 25/49 MP: 4/4
  1613 | D:3      | Reached skill level 3 in Unarmed Combat
  1704 | D:3      | Reached ** piety under Yredelemnul
  1723 | D:3      | Found a broken altar of Ashenzari.
  1845 | D:3      | Found a shimmering blue altar of Sif Muna.
  2101 | D:4      | Noticed an ogre
  2111 | D:4      | Killed an ogre
  2112 | D:4      | Reached skill level 1 in Stealth
  2112 | D:4      | Reached XP level 6. HP: 33/57 MP: 5/5
  2164 | D:4      | Reached skill level 4 in Unarmed Combat
  2259 | D:4      | HP: 1/57 [orc priest/+0 whip (4)]
  2261 | D:4      | Killed from afar by an orc wizard

Illustrated notes

Levels and vault maps discovered:
D:1:      tarquinn_simple_flora_water_e, layout_basic,
          chequers_ecumenical_altar_island, minmay_pentomino_u4
D:2:      layout_basic, minmay_fractal_squares_gapless_5, uniq_jessica,
          uniq_robin
D:3:      layout_rooms, ashenzari_conservatory_becter,
          nicolae_sif_muna_condensation, minivault_23, minivault_24
D:4:      layout_layer_cave, mainiacjoe_overflow_alcove_1, minmay_pentomino_pile

Skill      XL: |  1  2  3  4  5  6 |
---------------+-------------------+-----
Slings         | 3 |  3.4
Unarmed Combat | 1 2 3 4 |  4.1
Dodging        | 2 |  2.7
Fighting       | 2 |  2.2
Stealth        | 1 |  1.1
Maces & Flails | |  0.2

Action                   |  1- 3 |  4- 6 || total
-------------------------+-------+-------++-------
Melee: Unarmed           |    84 |   100 ||   184
       Punch             |       |     1 ||     1
       Giant spiked club |       |    15 ||    15
  Use: Scroll            |     7 |     5 ||    12
 Stab: Sleeping          |     1 |       ||     1
       Distracted        |       |     1 ||     1
Armor: Robe              |    37 |    42 ||    79
Dodge: Dodged            |    33 |    93 ||   126

Table legend: (Time is in decaauts)
 A = Elapsed time spent in this place.
 B = Non-inter-level travel time spent in this place.
 C = Inter-level travel time spent in this place.
 D = Time resting spent in this place.
 E = Time spent auto-exploring this place.
 F = Levels seen in this place.
 G = Mean time per level.
                   A        B        C        D        E       F      G
               +--------+--------+--------+--------+--------+-----+--------+
         Total |   2275 |   2207 |     68 |     38 |   1337 |   4 |  568.8 |
       Dungeon |   2275 |   2207 |     68 |     38 |   1337 |   4 |  568.8 |
               +--------+--------+--------+--------+--------+-----+--------+

Top non-repeatable levels by time:
     D:1: 773 daAuts
     D:2: 727 daAuts
     D:3: 545 daAuts
     D:4: 229 daAuts
